 Dungeon Crawl Stone Soup version 0.32-a0-913-g739538afd8 (webtiles) character file.

Game seed: 14225264683873057524

105 Griffin23 the Shield-Bearer (level 4, -1/36 HPs)
             Began as a Minotaur Fighter on Apr 9, 2024.
             Was a Follower of Hepliaklqana.
             Succumbed to Crazy Yiuf's poison
             ... on level 2 of the Dungeon.
             The game lasted 00:03:29 (1695 turns).

Griffin23 the Shield-Bearer (Minotaur Fighter)      Turns: 1695, Time: 00:03:29

Health: -1/36      AC:  9    Str: 23    XL:     4   Next: 54%
Magic:  3/3        EV:  7    Int:  5    God:    Hepliaklqana [*.....]
Gold:   116        SH:  4    Dex:  9    Spells: 3/3 levels left

rFire   + . .        a - +0 long sword
rCold   + . .        c - +0 buckler
rNeg    + . .        l - +0 chain mail
rPois   .            (helmet restricted)
rElec   .            f - scarf {rC+ rF+}
rCorr   .            (no gloves)
SInv    .            (no boots)
Will    .....        (no amulet) Stlth
                     k - ring of positive energy
HPRegen 0.26/turn    (no ring)
MPRegen 0.08/turn

%: no passive effects
@: mighty, lethally poisoned (-1 -> -16)
A: reduced essence, horns 2, retaliatory headbutt
a: Renounce Religion, Recall Ancestor, Ancestor Identity


You were on level 2 of the Dungeon.
You worshipped Hepliaklqana.
Hepliaklqana was aware of your devotion.
You visited 1 branch of the dungeon, and saw 2 of its levels.

You collected 116 gold pieces.

Inventory:

Hand Weapons
 a - a +0 long sword (weapon)
Armour
 b - a +0 scale mail
 c - a +0 buckler (worn)
 f - a scarf of resistance (worn)
 l - a +0 chain mail (worn)
Jewellery
 k - a ring of positive energy (left hand)
 n - a ring of protection from cold
Scrolls
 e - a scroll of blinking {unknown}
 g - a scroll of poison {unknown}
 i - a scroll of noise {unknown}
 j - a scroll of brand weapon {unknown}
 m - 2 scrolls of amnesia {unknown}
 p - a scroll of teleportation {unknown}
Potions
 d - a potion of might
 h - a potion of curing {unknown}
 o - a potion of heal wounds {unknown}


   Skills:
 + Level 4.3 Fighting
 * Level 4.1 Long Blades
 + Level 4.3 Armour
 + Level 4.4 Shields


You had 3 spell levels left.
You didn't know any spells.
Your spell library contained the following spells:

 Spells                   Type           Power      Damage    Failure   Level
 Lesser Beckoning         Tloc           0%         N/A       99%         2
 Maxwell's Portable Pile  Tloc           0%         2d(5-13)  100%        3
 Teleport Other           Tloc           0%         N/A       100%        3


Dungeon Overview and Level Annotations

Branches:
Dungeon (2/15)

Altars:
Hepliaklqana
The Shining One

Annotations:
D:2 Crazy Yiuf


Innate Abilities, Weirdness & Mutations

Your life essence is reduced to manifest your ancestor. (-10% HP)
You have a pair of horns on your head.
You reflexively headbutt those who attack you in melee.


Message History

You slash the fungus!
The fungus begins to die.
You headbutt the fungus.
The fungus is lightly damaged.
You slash the fungus!
The fungus begins to die.
The fungus is lightly damaged.
Adwij hits the fungus.
The fungus begins to die.
You swap places.
Adwij hits the fungus.
A nearby fungus withers and dies. x2
You swap places.
A nearby fungus withers and dies.
Found a hammer.
Found a runed translucent door.
Crazy Yiuf shouts!
Crazy Yiuf whimpers, "Papa!
Dawk broken pizzabubble."
Found a hammer.
You open the door.
Crazy Yiuf yells, "Ghoul pontify seventy!"
You barely miss Crazy Yiuf.
Crazy Yiuf says, "Pitchfork!
Fire ragdoll return to song."
Crazy Yiuf hits you with a +3 quarterstaff of chaos.
You hit Crazy Yiuf. You headbutt Crazy Yiuf.
Crazy Yiuf is heavily wounded.
Crazy Yiuf hits you but does no damage.
You barely miss Crazy Yiuf.
Crazy Yiuf is heavily wounded.
Crazy Yiuf hits you with a +3 quarterstaff of chaos!
You are poisoned.
You slash Crazy Yiuf!
Crazy Yiuf is almost dead.
You feel very sick.
Crazy Yiuf twirls on the spot.
Crazy Yiuf hits you with a +3 quarterstaff of chaos!
You feel very mighty all of a sudden.
Crazy Yiuf screams, "Proton!"
Crazy Yiuf hits you with a +3 quarterstaff of chaos!
* * * LOW HITPOINT WARNING * * *
Crazy Yiuf freezes you.
* * * LOW HITPOINT WARNING * * *
Okay, then.
You swap places.
You die...
Hepliaklqana delivers you to your ancestors.

#.......## #.......#
#.......# ##### ####
####.#### #).)#
########... ##...##
#...# #.......>..
##.....## ...
########... #.......#
#g# #... #.......##
##R# #... #........#
#@## ######.<.
##....>### ##.#
###...))... ##.....##
#.## #...รท...)..
#.......# ##.##
#..##..).## #.......#
#.P.## ##..###....
#.......## #P...#
##.##..##. ##.....#.#
#....# #.##.####
######......###....#
#....#
#...##...###...#)..##
##..## ##


You could see the friendly Adwij the ancestor and Crazy Yiuf (ally target).

Vanquished Creatures
  An adder (D:2)
  3 dart slugs
  3 ball pythons
  An endoplasm (D:1)
  7 goblins
  13 hobgoblins
  2 jackals (D:2)
  A quokka (D:1)
  6 bats
  2 frilled lizards (D:1)
  5 rats
44 creatures vanquished.

Vanquished Creatures (collateral kills)
  Jessica (D:2)
  Robin (D:2)
  A goblin (D:1)
  A hobgoblin (D:1)
  A ball python (D:2)
  A bat (D:2)
  A kobold (D:2)
7 creatures vanquished.

Vanquished Creatures (others)
  An ancestor (D:2)
1 creature vanquished.

Grand Total: 52 creatures vanquished

Notes
Turn   | Place    | Note
-------+----------+-------------------------------------------
     0 | D:1      | Griffin23 the Minotaur Fighter began the quest for the Orb.
     0 | D:1      | Reached XP level 1. HP: 19/19 MP: 0/0
   206 | D:1      | Reached XP level 2. HP: 27/27 MP: 1/1
   385 | D:1      | Found a faded altar of an unknown god.
   436 | D:1      | Prayed at the altar of an unknown god.
   436 | D:1      | Became a worshipper of Hepliaklqana the Forgotten
   436 | D:1      | Reached * piety under Hepliaklqana
   970 | D:2      | Reached XP level 3. HP: 29/29 MP: 2/2
   987 | D:2      | Noticed Robin
  1125 | D:2      | Killed Robin
  1197 | D:2      | Noticed Jessica
  1206 | D:2      | Killed Jessica
  1207 | D:2      | Reached XP level 4. HP: 18/36 MP: 3/3
  1286 | D:2      | Found a glowing golden altar of the Shining One.
  1686 | D:2      | Found a runed translucent door.
  1687 | D:2      | Noticed Crazy Yiuf
  1695 | D:2      | Succumbed to Crazy Yiuf's poison

Illustrated notes

Levels and vault maps discovered:
D:1:      amcnicky_arrival_underground_garden, layout_basic,
          shapermc_ecumenical_altar_flowoftime, st_stairs_2
D:2:      layout_rooms, basic_altar, columned_hall_lemuel, uniq_robin,
          uniq_crazy_yiuf_cottage, uniq_jessica

Skill      XL: |  1  2  3  4 |
---------------+-------------+-----
Long Blades    | 3 4 |  4.1
Shields        | 4 |  4.4
Armour         | 4 |  4.3
Fighting       | 4 |  4.3

Action                     |  1- 3 |  4- 6 || total
---------------------------+-------+-------++-------
  Melee: Long sword        |    78 |    33 ||   111
         Headbutt          |     7 |     4 ||    11
 Invoke: Recall Ancestor   |       |     1 ||     1
         Ancestor Identity |       |     1 ||     1
 Armour: Scale mail        |    57 |       ||    57
         Chain mail        |    10 |    32 ||    42
  Dodge: Dodged            |    44 |    14 ||    58
  Block: Buckler           |    22 |     5 ||    27

Table legend: (Time is in decaauts)
 A = Elapsed time spent in this place.
 B = Non-inter-level travel time spent in this place.
 C = Inter-level travel time spent in this place.
 D = Time resting spent in this place.
 E = Time spent auto-exploring this place.
 F = Levels seen in this place.
 G = Mean time per level.
                   A        B        C        D        E       F      G
               +--------+--------+--------+--------+--------+-----+--------+
         Total |   1727 |   1725 |      2 |    142 |   1198 |   2 |  863.5 |
       Dungeon |   1727 |   1725 |      2 |    142 |   1198 |   2 |  863.5 |
               +--------+--------+--------+--------+--------+-----+--------+

Top non-repeatable levels by time:
     D:1: 1093 daAuts
     D:2: 633 daAuts
